 Dungeon Crawl Stone Soup version 0.28.0 (webtiles) character file.

Game seed: 10330361685932116144

627 adizb the Covered (level 7, -2/43 HPs)
             Began as a Tengu Fighter on Feb 7, 2022.
             Slain by an orc wizard (3 damage)
             ... on level 4 of the Dungeon.
             The game lasted 00:16:37 (3551 turns).

adizb the Covered (Tengu Fighter)                   Turns: 3551, Time: 00:16:38

Health: -2/43      AC: 12    Str: 16    XL:     7   Next: 48%
Magic:  8/8        EV:  7    Int:  8    God:
Gold:   110        SH:  5    Dex: 16    Spells: 6/6 levels left

rFire   . . .      SeeInvis .   a - +0 long sword
rCold   . . .      Faith    .   c - +0 buckler
rNeg    + . .      Spirit   .   p - +0 plate armour
rPois   .          Reflect  .   (helmet restricted)
rElec   .          Harm     .   (no cloak)
rCorr   .          Rampage  .   (no gloves)
Will    .....                   (boots unavailable)
Stlth   ..........              m - amulet of magic regeneration
HPRegen 0.14/turn               q - ring of positive energy
MPRegen 0.51/turn               (no ring)

@: flying quickly and evasively, invisible, quick
A: beak, talons 3, nimble flight
a: no special abilities


You were on level 4 of the Dungeon.
You visited 1 branch of the dungeon, and saw 6 of its levels.

You collected 110 gold pieces.

Inventory:

Hand Weapons
 a - a +0 long sword (weapon)
 l - a +0 falchion
Armour
 b - a +0 scale mail
 c - a +0 buckler (worn)
 p - a +0 plate armour (worn)
Jewellery
 m - an amulet of magic regeneration (around neck)
 q - a ring of positive energy (left hand)
Scrolls
 d - a scroll of amnesia {unknown}
 g - a scroll of immolation
 h - 2 scrolls of fear
 i - a scroll of teleportation
 n - 2 scrolls of magic mapping {unknown}
Potions
 e - a potion of might
 f - a potion of curing {unknown}
 k - 2 potions of attraction
 o - a potion of lignification {unknown}


   Skills:
 + Level 4.0 Fighting
 * Level 4.8 Long Blades
 * Level 5.4 Armour
 * Level 4.1 Dodging
 + Level 4.0 Shields


You had 6 spell levels left.
You didn't know any spells.
Your spell library contained the following spells:

 Spells                   Type           Power      Damage    Failure   Level
 Blink                    Tloc           0%         N/A       100%        2
 Sublimation of Blood     Necr           0%         N/A       100%        2
 Wereblood                Tmut           0%         N/A       100%        2
 Manifold Assault         Tloc           0%         N/A       100%        5
 Storm Form               Tmut/Air       0%         N/A       100%        7
 Summon Hydra             Summ           0%         N/A       100%        7


Dungeon Overview and Level Annotations

Branches:
Dungeon (6/15)
 Temple: D:4-7

Altars:
The Shining One

Shops:
D:1 (

Annotations:
D:4 Menkaure


Innate Abilities, Weirdness & Mutations

You have a beak for a mouth.
You have claws for feet.
Your magical nature lets you fly swiftly and evasively.


Message History

The orc throws a boomerang.
A magic dart appears from out of thin air!
The magic dart hits you but does no damage.
You closely miss the orc. You claw the orc.
You kill the orc!
You slash something!
The orc throws a boomerang.
You block the boomerang. The orc hits you with a +0 club.
The necrophage hits you but does no damage.
Something hits you.
There is an open door, spattered with blood here.
You hit the necrophage.
The necrophage is lightly damaged.
You block the orc's attack. You block the necrophage's attack.
Something hits you but does no damage. The orc hits you but does no damage.
You closely miss the necrophage.
You claw the necrophage, but do no damage.
Your peck misses the necrophage.
The necrophage is lightly damaged.
The necrophage hits you.
You hear some strange, mumbled words.
Something tries to affect you, but you resist.
The orc closely misses you. You block the necrophage's attack.
You slash the orc!
You kill the orc!
Something hits you but does no damage. The necrophage closely misses you.
Something hits you but does no damage.
You slash the necrophage! You claw the necrophage.
The necrophage is heavily damaged.
The necrophage hits you.
You hear some strange, mumbled words.
A puff of flame appears from out of thin air!
The puff of flame hits you!
* * * LOW HITPOINT WARNING * * *
You can't see any enemies this would affect, really read the scroll of fear?
Okay, then.
You fade into invisibility!
The necrophage hits you.
* * * LOW HITPOINT WARNING * * *
Something hits you.
You die...

#.....# #..##...##....
......# #.......##....
#......#
#.(##...####..
#........
#...#......###
#...._.## #...#......#
##+####.#
##..........# ###..
#....)##....#
#...)###.........#.#
#...n@....##[##..#.#
..'....#{.......#..#.#
).#....#.##........#.#
#....#.###.##.#[...#
#....#.# #.##...####
######.# #.###..####
##.###'###.....#
#........#.....#
####.....#.>...#


You could see a necrophage.

Vanquished Creatures
  2 centaurs
  A water moccasin skeleton (D:4)
  A jelly (D:4)
  A centaur skeleton (D:4)
  An iguana (D:4)
  Jessica (D:3)
  A scorpion zombie (D:3)
  Natasha (thrice) (D:2)
  A hound skeleton (D:4)
  7 gnolls
  6 adders
  A worm (D:5)
  2 orcs (D:4)
  6 endoplasms
  4 giant cockroaches
  4 goblins
  A hobgoblin (D:4)
  2 jackals (D:1)
  5 quokkas
  9 ball pythons
  11 bats
  3 frilled lizards
  A goblin zombie (D:4)
  A hobgoblin zombie (D:4)
  5 kobolds
  2 rats
82 creatures vanquished.

Vanquished Creatures (others)
  6 fungi (D:5)
  3 toadstools (D:5)
9 creatures vanquished.

Grand Total: 91 creatures vanquished

Notes
Turn   | Place    | Note
-------+----------+-------------------------------------------
     0 | D:1      | adizb the Tengu Fighter began the quest for the Orb.
     0 | D:1      | Reached XP level 1. HP: 14/14 MP: 2/2
   385 | D:1      | Reached XP level 2. HP: 19/19 MP: 3/3
   390 | D:1      | Found Xomaefaxa's Antique Weapon Shop.
   781 | D:2      | Reached skill level 1 in Dodging
   781 | D:2      | Reached XP level 3. HP: 14/23 MP: 4/4
   784 | D:2      | Noticed Natasha
   788 | D:2      | Killed Natasha
  1095 | D:2      | Reached XP level 4. HP: 28/28 MP: 5/5
  1145 | D:2      | Reached skill level 4 in Armour
  1317 | D:2      | Noticed Natasha
  1330 | D:2      | Killed Natasha
  1331 | D:2      | Gained mutation: Your magical nature lets you fly swiftly
                  | and evasively. [Tengu growth]
  1331 | D:2      | Reached XP level 5. HP: 13/32 MP: 6/6
  1364 | D:2      | Noticed Natasha
  1388 | D:2      | Killed Natasha
  1696 | D:3      | Noticed Jessica
  1702 | D:3      | Killed Jessica
  1823 | D:3      | You are sucked into a shaft and drop 3 floors!
  1823 | D:6      | Noticed a black bear
  1830 | D:5      | Entered Level 5 of the Dungeon
  2042 | D:5      | Noticed a centaur
  2053 | D:5      | Killed a centaur
  2054 | D:5      | Reached XP level 6. HP: 19/37 MP: 7/7
  2338 | D:4      | Noticed Menkaure
  2350 | D:4      | Found a glowing golden altar of the Shining One.
  2618 | D:3      | Reached skill level 5 in Armour
  2729 | D:3      | Found a faded altar of an unknown god.
  2788 | D:3      | Reached XP level 7. HP: 28/42 MP: 8/8
  3551 | D:4      | HP: 1/43 [necrophage (4)]
  3551 | D:4      | Slain by an orc wizard

Illustrated notes

Levels and vault maps discovered:
D:1:      dpeg_arrival_ternary, layout_basic, serial_shops, shop_statue,
          chequers_serial_rivers_small_b
D:2:      layout_basic, minmay_heptomino_l4, uniq_natasha
D:3:      minmay_skewed_foursquare, layout_basic, ebering_ecumenical_altar_mist,
          uniq_jessica
D:4:      layout_basic, overflow_temple_1_default, lightli_temple_of_fire,
          enter_ossuary_3, chequers_decorated_corner, uniq_menkaure
D:5:      layout_cave_pods, lemuel_crystal_altar, kennysheep_path_1,
          minmay_gold_behind_fungi
D:6:      layout_basic

Skill      XL: |  1  2  3  4  5  6  7 |
---------------+----------------------+-----
Dodging        | 1 2 3 4 |  4.1
Long Blades    | 3 4 |  4.8
Armour         | 4 5 |  5.4
Fighting       | 4 |  4.0
Shields        | 4 |  4.0

Action                   |  1- 3 |  4- 6 |  7- 9 || total
-------------------------+-------+-------+-------++-------
Melee: Long sword        |    42 |   103 |    63 ||   208
       Kick              |     8 |    45 |    21 ||    74
       Peck              |     5 |    19 |     8 ||    32
  Use: Scroll            |       |     6 |     2 ||     8
       Potion            |       |     2 |     1 ||     3
Armor: Scale mail        |    17 |     7 |       ||    24
       Plate armour      |       |    74 |    44 ||   118
Dodge: Dodged            |    21 |    50 |    22 ||    93
Block: Buckler           |    10 |    38 |    26 ||    74
